Description

PvZ Adept Pressure to High Templar

Replay - Abiogenesis LE (4) PvZ [Saltking]

Build Order

Get SALT Encoding   

  12  0:00  Probe  
  13  0:13  Probe  
  14  0:19  Pylon  
  14  0:25  Probe  
  15  0:37  Probe (Chrono Boost)  
  16  0:44  Gateway  
  16  0:46  Probe (Chrono Boost)  
  17  0:51  Probe (Chrono Boost)  
  17  0:53  Assimilator  
  18  1:03  Probe  
  19  1:16  Probe  
  20  1:28  Nexus  
  20  1:37  Cybernetics Core  
  20  1:40  Probe (Chrono Boost)  
  20  1:46  Pylon  
  21  1:51  Probe (Chrono Boost)  
  22  1:54  Assimilator  
  23  2:11  Adept (Chrono Boost)  
  23  2:12  Warp Gate (Chrono Boost)  
  28  2:37  Twilight Council  
  29  2:48  Gateway  
  33  3:01  Adept  
  35  3:06  Pylon  
  35  3:12  Resonating Glaives (Chrono Boost)  
  38  3:21  Gateway  
  39  3:29  Adept  
  47  3:54  Nexus  
  48  3:59  Pylon  
  49  4:19  Templar Archives, Adept x3  
  49  4:21  Gateway  
  57  4:27  Pylon  
  58  4:31  Assimilator x2  
  59  4:42  Charge (Chrono Boost)  
  61  4:59  High Templar  
  65  5:01  Zealot x2  
  70  5:11  Gateway x2  
  70  5:13  Forge  
  72  5:16  Assimilator x2  
  75  5:27  High Templar x2  
  83  5:36  Gateway  
  85  5:44  Psionic Storm  
  85  5:47  Zealot  
  87  5:54  Protoss Ground Weapons Level 1 (Chrono Boost)  
  87  5:56  Zealot  
  92  6:02  Zealot  
  92  6:04  High Templar  
  96  6:10  Zealot x2  
  100  6:14  Robotics Facility x2  
  100  6:35  High Templar x3  
  100  6:36  Zealot  
  108  6:44  Gateway x2  
  108  6:48  Nexus  
  108  6:55  Zealot x2, Immortal (Chrono Boost)  
  118  7:06  Immortal (Chrono Boost)  
  124  7:28  Immortal (Chrono Boost)  
  142  7:45  Immortal (Chrono Boost)  
  146  7:51  Shield Battery  
  152  8:02  Shield Battery  
  152  8:04  High Templar x3  
  162  8:26  Archon x4  
Spawning Tool Build Advisor. Get it on Overwolf

Go to:

Details

  • Created by: silverhorn  
  • Published on: Jul 07, 2018
  • Modified on: Jul 07, 2018
  • Patch: 4.0.0
Show
View Real Time Build Order
Export as new Build Order

Comments (0)

There are no comments. Be the first!

Create an account to comment!